Maple Leafs vs Blackhawks
Created - December 28, 2019 at 19:49
Goals
|
| Maple Leafs |
2 |
0 |
0 |
0 |
2 |
| Blackhawks |
1 |
0 |
1 |
1 |
3 |
|
Shots
|
| Maple Leafs |
9 |
10 |
16 |
0 |
35 |
| Blackhawks |
10 |
15 |
10 |
1 |
36 |
|
1st period
1. Maple Leafs , Fabian Brunnstrom 6 (Jordan Staal 17, Patrick Kane 22) at 0:37 (PP)
2. Maple Leafs , Patrick Kane 20 (Taylor Hall 14, Jordan Staal 18) at 11:55
3. Blackhawks , Chris Kreider 16 (Derick Brassard 32) at 14:05
Penalties :
Mike Green (Chi) for Goalie Interference (Minor) at 0:23, Erik Christensen (Chi) for Holding (Minor) at 8:42, Taylor Hall (Tor) for Roughing (Minor) at 14:53, Patrick Kane (Tor) for High sticking (Minor) at 18:53
2nd period
No Goal
Penalties :
Ryan Parent (Tor) for Interference (Minor) at 18:59
3rd period
4. Blackhawks , Derick Brassard 21 (Mike Green 9, Chris Kreider 13) at 2:45
Penalties :
Mike Green (Chi) for Hooking (Minor) at 4:13, Beau Bennett (Tor) for Cross-checking (Minor) at 7:06, Chris Kreider (Chi) for Hooking (Minor) at 11:37
Overtime #1
5. Blackhawks , Rick Nash 7 (Tyler Cuma 10, Seth Jones 5) at 1:16
Penalties :
No Penalty
Goalie Stats
Marc-André Fleury (Tor), 33 saves from 36 shots - (0.917), OTL, 11-8-6, 61:16 minutes
Jimmy Howard (Chi), 33 saves from 35 shots - (0.943), W, 12-8-4, 61:16 minutes
Players Stats for Maple Leafs
Player Name G A P +/- PIM S H SB GA TA FO MP PP MP PK MP
------------------------------------------------------------------------------------
Alex Killorn 0 0 0 0 0 3 0 1 0 0 0/1 6:54 0:00 0:00
Beau Bennett 0 0 0 0 2 0 2 1 0 0 0/0 11:52 0:00 0:00
Ben Smith 0 0 0 -1 0 1 5 0 0 0 0/2 20:38 2:41 5:41
Blake Comeau 0 0 0 0 0 3 2 1 0 0 0/0 7:02 0:00 0:00
Brayden Schenn 0 0 0 -2 0 4 1 0 0 0 10/25 20:45 2:41 5:41
Braydon Coburn 0 0 0 -2 0 0 0 4 0 1 0/0 25:02 0:00 6:32
Calvin de Haan 0 0 0 0 0 1 2 2 0 3 0/0 17:33 4:07 0:00
Eric Nystrom 0 0 0 -2 0 2 2 1 0 0 0/1 15:43 2:41 0:48
Fabian Brunnstrom 1 0 1 0 0 2 2 0 0 0 0/0 14:18 3:30 0:00
Jordan Staal 0 2 2 0 0 3 0 1 1 0 15/26 22:36 3:30 2:15
Kevin Shattenkirk 0 0 0 -2 0 4 4 5 1 1 0/0 25:37 4:07 2:17
Marc-Édouard Vlasic 0 0 0 0 0 0 0 0 3 0 0/0 16:31 2:04 0:00
Mark Scheifele 0 0 0 0 0 0 1 1 0 1 3/8 10:36 0:00 0:00
Nate Thompson 0 0 0 0 0 1 2 1 0 0 2/3 6:54 0:00 0:00
Patrick Kane 1 1 2 0 2 5 0 1 1 0 0/0 21:42 3:30 1:27
Ryan Parent 0 0 0 0 2 2 3 0 0 0 0/0 18:40 2:04 1:24
Taylor Chorney 0 0 0 0 0 1 0 0 0 0 0/0 19:08 0:00 5:39
Taylor Hall 0 1 1 0 2 3 1 1 1 0 0/3 15:33 0:00 0:00
Players Stats for Blackhawks
Player Name G A P +/- PIM S H SB GA TA FO MP PP MP PK MP
------------------------------------------------------------------------------------
Antoine Roussel 0 0 0 -1 0 3 0 1 0 0 0/1 14:47 3:11 0:00
Bobby Ryan 0 0 0 2 0 1 1 0 0 0 1/1 19:50 4:45 0:00
Brandon Yip 0 0 0 0 0 0 0 0 0 1 0/0 12:40 0:00 1:32
Chris Kreider 1 1 2 2 2 2 3 0 1 0 0/2 23:30 4:45 2:19
David Jones 0 0 0 0 0 1 0 0 0 0 0/0 8:07 0:00 0:00
Derick Brassard 1 1 2 2 0 6 2 0 0 0 16/28 20:30 4:45 0:00
Erik Christensen 0 0 0 0 2 2 1 0 2 0 3/7 10:47 0:00 0:00
Gabriel Bourque 0 0 0 0 0 0 1 0 0 0 0/0 9:17 0:00 1:23
Jake McCabe 0 0 0 1 0 2 1 1 0 1 0/0 11:18 0:00 0:09
John Carlson 0 0 0 0 0 2 2 1 1 1 0/0 25:45 4:26 0:53
Matthew Spiller 0 0 0 0 0 1 0 2 0 1 0/0 16:23 0:00 3:21
Michael Latta 0 0 0 0 0 3 1 0 0 0 2/5 10:12 0:00 2:01
Mike Green 0 1 1 0 4 0 3 3 1 1 0/0 27:35 4:26 1:48
Rick Nash 1 0 1 0 0 2 3 0 0 2 1/1 14:56 3:11 0:00
Scott Gomez 0 0 0 0 0 0 0 0 0 0 15/23 18:37 3:11 3:27
Seth Jones 0 1 1 2 0 2 0 0 1 0 0/0 20:01 3:30 2:50
Tomas Fleischmann 0 0 0 0 0 4 1 0 0 0 1/1 13:01 0:00 1:40
Tyler Cuma 0 1 1 1 0 5 0 3 0 0 0/0 21:33 3:30 3:21
3 Stars
1 - Derick Brassard (Chi)
2 - Chris Kreider (Chi)
3 - Jimmy Howard (Chi)
Power Play
Maple Leafs - 1 on 4 Attempt(s) - 25.00%
Blackhawks - 0 on 4 Attempt(s) - 0.00%
Penalty Kill
Maple Leafs - 4 on 4 Attempt(s) - 100.00%
- Score 0 goal in Penalty Kill
Blackhawks - 3 on 4 Attempt(s) - 75.00%
- Score 0 goal in Penalty Kill
Team Stat
Maple Leafs - Hits : 27 - Faceoff Wins : 30 - Blocked Shots : 20 - Penalty Minutes : 8
Blackhawks - Hits : 19 - Faceoff Wins : 39 - Blocked Shots : 11 - Penalty Minutes : 8
Official
Referees : Unknown
Linesman : Unknown
Game Notes
No Game Note
Finance
Level 1 -- Attendance: 4383 (73.05%) -- Ticket Income $482,130
Level 2 -- Attendance: 3751 (75.02%) -- Ticket Income $262,570
Level 3 -- Attendance: 1537 (76.85%) -- Ticket Income $69,165
Level 4 -- Attendance: 3756 (93.90%) -- Ticket Income $112,680
Luxury Box -- Attendance: 738 (73.80%) -- Ticket Income $140,220
Game was played at the Rexall Place.
Total Attendance: 14165 (78.69%)
Total Ticket Income: $1,066,765
Other Income: $160,015
Total Income: $1,226,780
Maple Leafs
5 vs 5 Forward
Center Left Wing Right Wing Time % Phy DF OF
1 Jordan Staal Taylor Hall Patrick Kane 40 1 1 3
2 Brayden Schenn Eric Nystrom Ben Smith 30 1 2 2
3 Mark Scheifele Fabian Brunnstrom Beau Bennett 20 1 2 2
4 Nate Thompson Alex Killorn Blake Comeau 10 1 3 1
5 vs 5 Defense
Defense Defense Time % Phy DF OF
1 Kevin Shattenkirk Braydon Coburn 40 1 1 3
2 Ryan Parent Taylor Chorney 30 1 3 1
3 Marc-Édouard Vlasic Calvin de Haan 20 1 2 2
4 Kevin Shattenkirk Braydon Coburn 10 1 1 3
PowerPlay Forward
Center Left Wing Right Wing Time % Phy DF OF
1 Jordan Staal Fabian Brunnstrom Patrick Kane 60 0 1 4
2 Brayden Schenn Eric Nystrom Ben Smith 40 0 1 4
PowerPlay Defense
Defense Defense Time % Phy DF OF
1 Kevin Shattenkirk Calvin de Haan 60 0 1 4
2 Marc-Édouard Vlasic Ryan Parent 40 0 1 4
Penalty Kill 4 Players Forward
Center Wing Time % Phy DF OF
1 Brayden Schenn Ben Smith 60 1 3 1
2 Jordan Staal Patrick Kane 40 1 3 1
Penalty Kill 4 Players Defense
Defense Defense Time % Phy DF OF
1 Braydon Coburn Taylor Chorney 60 1 3 1
2 Ryan Parent Kevin Shattenkirk 40 1 3 1
Penalty Kill - 3 Players Forward
Forward Time % Phy DF OF
1 Brayden Schenn 60 1 4 0
2 Jordan Staal 40 1 4 0
Penalty Kill - 3 Players Defense
Defense Defense Time % Phy DF OF
1 Braydon Coburn Taylor Chorney 60 1 4 0
2 Ryan Parent Kevin Shattenkirk 40 1 4 0
4 vs 4 Forward
Center Wing Time % Phy DF OF
1 Jordan Staal Patrick Kane 60 1 2 2
2 Brayden Schenn Ben Smith 40 1 2 2
4 vs 4 Defense
Defense Defense Time % Phy DF OF
1 Kevin Shattenkirk Braydon Coburn 60 1 2 2
2 Ryan Parent Taylor Chorney 40 1 2 2
Last Minutes Offensive
Center Left Wing Right Wing Defense Defense
Jordan Staal Taylor Hall Patrick Kane Kevin Shattenkirk Braydon Coburn
Last Minutes Defensive
Center Left Wing Right Wing Defense Defense
Jordan Staal Eric Nystrom Patrick Kane Braydon Coburn Taylor Chorney
Goaltenders
Starting : Marc-André Fleury
Backup : Tyler Weiman
Extra Forwards
Normal : Jordan Staal, Beau Bennett, Patrick Kane - PP : Brayden Schenn, Ben Smith - PK : Ben Smith
Extra Defensemen
Normal : Taylor Chorney, Marc-Édouard Vlasic, Kevin Shattenkirk - PP : Marc-Édouard Vlasic - PK : Ryan Parent, Kevin Shattenkirk
Penalty Shots
Patrick Kane, Beau Bennett, Taylor Hall, Jordan Staal, Fabian Brunnstrom
Scratches
John Klingberg (Torn Right MCL Injury)
Blackhawks
5 vs 5 Forward
Center Left Wing Right Wing Time % Phy DF OF
1 Derick Brassard Chris Kreider Bobby Ryan 40 1 2 2
2 Scott Gomez Antoine Roussel Rick Nash 30 1 2 2
3 Erik Christensen Tomas Fleischmann Brandon Yip 20 1 2 2
4 Michael Latta Gabriel Bourque David Jones 10 1 2 2
5 vs 5 Defense
Defense Defense Time % Phy DF OF
1 John Carlson Mike Green 40 1 2 2
2 Tyler Cuma Matthew Spiller 30 1 2 2
3 Seth Jones Jake McCabe 20 1 2 2
4 John Carlson Mike Green 10 1 2 2
PowerPlay Forward
Center Left Wing Right Wing Time % Phy DF OF
1 Derick Brassard Chris Kreider Bobby Ryan 60 1 2 2
2 Scott Gomez Antoine Roussel Rick Nash 40 1 2 2
PowerPlay Defense
Defense Defense Time % Phy DF OF
1 John Carlson Mike Green 60 1 2 2
2 Tyler Cuma Seth Jones 40 1 2 2
Penalty Kill 4 Players Forward
Center Wing Time % Phy DF OF
1 Scott Gomez Chris Kreider 60 1 2 2
2 Michael Latta Tomas Fleischmann 40 1 2 2
Penalty Kill 4 Players Defense
Defense Defense Time % Phy DF OF
1 Tyler Cuma Matthew Spiller 60 1 2 2
2 Mike Green Seth Jones 40 1 2 2
Penalty Kill - 3 Players Forward
Forward Time % Phy DF OF
1 Scott Gomez 60 1 2 2
2 Derick Brassard 40 1 2 2
Penalty Kill - 3 Players Defense
Defense Defense Time % Phy DF OF
1 Mike Green John Carlson 60 1 2 2
2 Mike Green Seth Jones 40 1 2 2
4 vs 4 Forward
Center Wing Time % Phy DF OF
1 Derick Brassard Chris Kreider 60 1 2 2
2 Scott Gomez Rick Nash 40 1 2 2
4 vs 4 Defense
Defense Defense Time % Phy DF OF
1 Mike Green John Carlson 60 1 2 2
2 Tyler Cuma Seth Jones 40 1 2 2
Last Minutes Offensive
Center Left Wing Right Wing Defense Defense
Derick Brassard Chris Kreider Rick Nash Mike Green John Carlson
Last Minutes Defensive
Center Left Wing Right Wing Defense Defense
Derick Brassard Chris Kreider Rick Nash Mike Green John Carlson
Goaltenders
Starting : Jimmy Howard
Backup : Ray Emery
Extra Forwards
Normal : Tomas Fleischmann, Brandon Yip, David Jones - PP : Tomas Fleischmann, Brandon Yip - PK : Brandon Yip
Extra Defensemen
Normal : Seth Jones, Jake McCabe, John Carlson - PP : Matthew Spiller - PK : John Carlson, Seth Jones
Penalty Shots
Derick Brassard, Rick Nash, Chris Kreider, Mike Green, Antoine Roussel
Scratches
None
% Time on Ice - Maple Leafs
Lines # - Real PCT - Wanted PCT - Time Play
Normal Forward
1 - 36% - 40% - 16:19
2 - 26% - 30% - 12:04
3 - 23% - 20% - 10:36
4 - 15% - 10% - 6:54
Normal Defense
1 - 38% - 40% - 17:34
2 - 32% - 30% - 14:53
3 - 27% - 20% - 12:30
4 - 2% - 10% - 0:56
PP Forward
1 - 57% - 60% - 3:30
2 - 43% - 40% - 2:41
PP Defense
1 - 67% - 60% - 4:07
2 - 33% - 40% - 2:04
PK Forward
1 - 72% - 60% - 5:41
2 - 28% - 40% - 2:15
PK Defense
1 - 71% - 60% - 5:39
2 - 29% - 40% - 2:17
PK3 Forward
1 - 0% - 60%
2 - 0% - 40%
PK3 Defense
1 - 0% - 60%
2 - 0% - 40%
44 Forward
1 - 100% - 60% - 1:16
2 - 0% - 40% - 0:00
44 Defense
1 - 55% - 60% - 0:42
2 - 45% - 40% - 0:34
Last Minute Offensive - 0:00
Last Minute Defensive - 0:00
Total
Forward - 61:16
Defense - 61:16
|
% Time on Ice - Blackhawks
Lines # - Real PCT - Wanted PCT - Time Play
Normal Forward
1 - 34% - 40% - 15:37
2 - 26% - 30% - 11:49
3 - 23% - 20% - 10:33
4 - 17% - 10% - 7:54
Normal Defense
1 - 39% - 40% - 17:53
2 - 32% - 30% - 14:48
3 - 24% - 20% - 11:09
4 - 4% - 10% - 2:03
PP Forward
1 - 60% - 60% - 4:45
2 - 40% - 40% - 3:11
PP Defense
1 - 56% - 60% - 4:26
2 - 44% - 40% - 3:30
PK Forward
1 - 79% - 60% - 4:54
2 - 21% - 40% - 1:17
PK Defense
1 - 54% - 60% - 3:21
2 - 46% - 40% - 2:50
PK3 Forward
1 - 0% - 60%
2 - 0% - 40%
PK3 Defense
1 - 0% - 60%
2 - 0% - 40%
44 Forward
1 - 88% - 60% - 1:07
2 - 12% - 40% - 0:09
44 Defense
1 - 76% - 60% - 0:58
2 - 24% - 40% - 0:18
Last Minute Offensive - 0:00
Last Minute Defensive - 0:00
Total
Forward - 61:16
Defense - 61:16
|
Play-by-Play
1st period
0:01 of 1st period - Derick Brassard wins face-off versus Taylor Hall in neutral zone.
0:15 of 1st period - Snap shot by Taylor Hall.
0:15 of 1st period - Shot Blocked by John Carlson.
0:23 of 1st period - Minor Penalty to Mike Green for Goalie Interference.
0:24 of 1st period - Scott Gomez wins face-off versus Jordan Staal in Blackhawks zone.
0:35 of 1st period - Wrist shot by Patrick Kane.
0:35 of 1st period - Shot Blocked by Tyler Cuma.
0:37 of 1st period - Snap shot by Jordan Staal.
0:37 of 1st period - Deflect By Fabian Brunnstrom.
0:37 of 1st period - Goal by Fabian Brunnstrom - Maple Leafs : 1 - Blackhawks : 0.
0:38 of 1st period - Scott Gomez wins face-off versus Brayden Schenn in neutral zone.
1:39 of 1st period - Wrist shot by Chris Kreider.
1:39 of 1st period - Deflect By Derick Brassard.
1:39 of 1st period - Stopped by Marc-André Fleury without a rebound.
1:40 of 1st period - Scott Gomez wins face-off versus Alex Killorn in Maple Leafs zone.
1:53 of 1st period - Wrist shot by Blake Comeau.
1:53 of 1st period - Stopped by Jimmy Howard without a rebound.
1:54 of 1st period - Michael Latta wins face-off versus Brayden Schenn in Blackhawks zone.
2:25 of 1st period - Slapshot by Mike Green.
2:25 of 1st period - Shot Blocked by Kevin Shattenkirk.
2:33 of 1st period - Slapshot by Derick Brassard.
2:33 of 1st period - Stopped by Marc-André Fleury with a rebound.
2:41 of 1st period - Chris Kreider is hit by Kevin Shattenkirk and loses puck.
3:26 of 1st period - Snap shot by Jordan Staal.
3:26 of 1st period - Stopped by Jimmy Howard with a rebound.
3:28 of 1st period - Snap shot by Jordan Staal.
3:28 of 1st period - Shot Misses the Net.
3:56 of 1st period - Snap shot by Chris Kreider.
3:56 of 1st period - Stopped by Marc-André Fleury without a rebound.
3:57 of 1st period - Scott Gomez wins face-off versus Eric Nystrom in Maple Leafs zone.
4:02 of 1st period - Wrist shot by Scott Gomez.
4:02 of 1st period - Shot Misses the Net.
4:04 of 1st period - Slapshot by Tyler Cuma.
4:04 of 1st period - Shot Misses the Net.
4:24 of 1st period - Tyler Cuma is hit by Calvin de Haan.
4:48 of 1st period - Calvin de Haan is hit by Jake McCabe and loses puck.
5:27 of 1st period - Tyler Cuma is hit by Beau Bennett and loses puck.
6:44 of 1st period - Marc-Édouard Vlasic is hit by Michael Latta and loses puck.
7:05 of 1st period - Braydon Coburn is hit by Mike Green and loses puck.
7:16 of 1st period - Brandon Yip is hit by Kevin Shattenkirk and loses puck.
7:38 of 1st period - Tyler Cuma is hit by Taylor Hall and loses puck.
7:49 of 1st period - Matthew Spiller is hit by Beau Bennett.
7:59 of 1st period - Slapshot by Mark Scheifele.
7:59 of 1st period - Shot Misses the Net.
8:23 of 1st period - Rick Nash is hit by Nate Thompson and loses puck.
8:42 of 1st period - Minor Penalty to Erik Christensen for Holding.
8:43 of 1st period - Scott Gomez wins face-off versus Jordan Staal in Blackhawks zone.
8:52 of 1st period - Chris Kreider is hit by Fabian Brunnstrom and loses puck.
10:13 of 1st period - Icing by Jordan Staal.
10:14 of 1st period - Jordan Staal wins face-off versus Michael Latta in Maple Leafs zone.
10:35 of 1st period - Slapshot by Tyler Cuma.
10:35 of 1st period - Shot Misses the Net.
10:37 of 1st period - Slapshot by Matthew Spiller.
10:37 of 1st period - Stopped by Marc-André Fleury with a rebound.
10:39 of 1st period - Backhand shot by Tyler Cuma.
10:39 of 1st period - Stopped by Marc-André Fleury without a rebound.
10:40 of 1st period - Jordan Staal wins face-off versus Scott Gomez in Maple Leafs zone.
10:42 of 1st period - Penalty to Erik Christensen is over, Erik Christensen is back on ice.
11:10 of 1st period - Seth Jones is hit by Blake Comeau and loses puck.
11:25 of 1st period - Snap shot by Brandon Yip.
11:25 of 1st period - Shot Blocked by Eric Nystrom.
11:27 of 1st period - Snap shot by Tomas Fleischmann.
11:27 of 1st period - Shot Misses the Net.
11:31 of 1st period - Snap shot by Erik Christensen.
11:31 of 1st period - Stopped by Marc-André Fleury without a rebound.
11:32 of 1st period - Jordan Staal wins face-off versus Derick Brassard in Maple Leafs zone.
11:41 of 1st period - Wrist shot by Patrick Kane.
11:41 of 1st period - Shot Misses the Net.
11:43 of 1st period - Backhand shot by Kevin Shattenkirk.
11:43 of 1st period - Deflect By Taylor Hall.
11:43 of 1st period - Stopped by Jimmy Howard without a rebound.
11:44 of 1st period - Jordan Staal wins face-off versus Scott Gomez in Blackhawks zone.
11:55 of 1st period - Slapshot by Patrick Kane.
11:55 of 1st period - Goal by Patrick Kane - Maple Leafs : 2 - Blackhawks : 0.
11:56 of 1st period - Derick Brassard wins face-off versus Jordan Staal in neutral zone.
12:13 of 1st period - Patrick Kane is hit by Chris Kreider and loses puck.
12:26 of 1st period - Ben Smith is hit by Rick Nash and loses puck.
12:33 of 1st period - Wrist shot by Rick Nash.
12:33 of 1st period - Stopped by Marc-André Fleury without a rebound.
12:34 of 1st period - Rick Nash wins face-off versus Brayden Schenn in Maple Leafs zone.
13:06 of 1st period - Brandon Yip is hit by Eric Nystrom and loses puck.
13:17 of 1st period - Slapshot by Brayden Schenn.
13:17 of 1st period - Deflect By Eric Nystrom.
13:17 of 1st period - Stopped by Jimmy Howard without a rebound.
13:18 of 1st period - Bobby Ryan wins face-off versus Jordan Staal in Blackhawks zone.
13:25 of 1st period - Slapshot by Kevin Shattenkirk.
13:25 of 1st period - Stopped by Jimmy Howard without a rebound.
13:26 of 1st period - Jordan Staal wins face-off versus Derick Brassard in Blackhawks zone.
13:41 of 1st period - Wrist shot by Derick Brassard.
13:41 of 1st period - Stopped by Marc-André Fleury with a rebound.
13:43 of 1st period - Slapshot by Seth Jones.
13:43 of 1st period - Shot Misses the Net.
14:03 of 1st period - Snap shot by Derick Brassard.
14:03 of 1st period - Shot Blocked by Kevin Shattenkirk.
14:05 of 1st period - Backhand shot by Chris Kreider.
14:05 of 1st period - Goal by Chris Kreider - Maple Leafs : 2 - Blackhawks : 1.
14:06 of 1st period - Scott Gomez wins face-off versus Mark Scheifele in neutral zone.
14:53 of 1st period - Minor Penalty to Taylor Hall for Roughing.
14:54 of 1st period - Derick Brassard wins face-off versus Brayden Schenn in Maple Leafs zone.
15:01 of 1st period - Wrist shot by Chris Kreider.
15:01 of 1st period - Shot Blocked by Braydon Coburn.
15:31 of 1st period - Icing by Rick Nash.
15:32 of 1st period - Scott Gomez wins face-off versus Ben Smith in Blackhawks zone.
15:50 of 1st period - Backhand shot by Chris Kreider.
15:50 of 1st period - Shot Misses the Net.
15:52 of 1st period - Snap shot by Seth Jones.
15:52 of 1st period - Stopped by Marc-André Fleury without a rebound.
15:53 of 1st period - Brayden Schenn wins face-off versus Derick Brassard in Maple Leafs zone.
16:00 of 1st period - Wrist shot by Ben Smith.
16:00 of 1st period - Shot Misses the Net.
16:20 of 1st period - Mike Green is hit by Ben Smith and loses puck.
16:27 of 1st period - Mike Green is hit by Ben Smith and loses puck.
16:53 of 1st period - Penalty to Taylor Hall is over, Taylor Hall is back on ice.
17:32 of 1st period - Snap shot by Alex Killorn.
17:32 of 1st period - Stopped by Jimmy Howard without a rebound.
17:33 of 1st period - Jordan Staal wins face-off versus Scott Gomez in Blackhawks zone.
17:44 of 1st period - Wrist shot by Jordan Staal.
17:44 of 1st period - Shot Misses the Net.
17:46 of 1st period - Snap shot by Jordan Staal.
17:46 of 1st period - Stopped by Jimmy Howard with a rebound.
17:48 of 1st period - Slapshot by Calvin de Haan.
17:48 of 1st period - Shot Blocked by Mike Green.
18:53 of 1st period - Minor Penalty to Patrick Kane for High sticking.
18:54 of 1st period - Derick Brassard wins face-off versus Brayden Schenn in Maple Leafs zone.
18:57 of 1st period - Slapshot by Derick Brassard.
18:57 of 1st period - Shot Blocked by Braydon Coburn.
19:21 of 1st period - Antoine Roussel is hit by Eric Nystrom and loses puck.
Goals for this period are 2 for Maple Leafs vs 1 for Blackhawks.
Shots for this period are 9 for Maple Leafs vs 10 for Blackhawks.
2nd period
0:01 of 2nd period - Brayden Schenn wins face-off versus Derick Brassard in neutral zone.
0:03 of 2nd period - Off-side.
0:04 of 2nd period - Derick Brassard wins face-off versus Brayden Schenn in neutral zone.
0:53 of 2nd period - Penalty to Patrick Kane is over, Patrick Kane is back on ice.
1:07 of 2nd period - Snap shot by Seth Jones.
1:07 of 2nd period - Shot Blocked by Blake Comeau.
1:13 of 2nd period - Snap shot by Blake Comeau.
1:13 of 2nd period - Shot Blocked by Tyler Cuma.
1:15 of 2nd period - Snap shot by Nate Thompson.
1:15 of 2nd period - Stopped by Jimmy Howard with a rebound.
1:27 of 2nd period - Wrist shot by Taylor Hall.
1:27 of 2nd period - Shot Misses the Net.
1:29 of 2nd period - Slapshot by Taylor Hall.
1:29 of 2nd period - Shot Blocked by Matthew Spiller.
1:47 of 2nd period - Slapshot by Tyler Cuma.
1:47 of 2nd period - Stopped by Marc-André Fleury without a rebound.
1:48 of 2nd period - Brayden Schenn wins face-off versus Antoine Roussel in Maple Leafs zone.
1:53 of 2nd period - Slapshot by Calvin de Haan.
1:53 of 2nd period - Stopped by Jimmy Howard without a rebound.
1:54 of 2nd period - Derick Brassard wins face-off versus Brayden Schenn in Blackhawks zone.
2:31 of 2nd period - Slapshot by Patrick Kane.
2:31 of 2nd period - Stopped by Jimmy Howard without a rebound.
2:32 of 2nd period - Derick Brassard wins face-off versus Brayden Schenn in Blackhawks zone.
3:31 of 2nd period - Icing by Brandon Yip.
3:32 of 2nd period - Jordan Staal wins face-off versus Erik Christensen in Blackhawks zone.
4:04 of 2nd period - Snap shot by Jake McCabe.
4:04 of 2nd period - Shot Blocked by Braydon Coburn.
5:15 of 2nd period - John Carlson is hit by Ryan Parent and loses puck.
5:30 of 2nd period - Wrist shot by Brayden Schenn.
5:30 of 2nd period - Stopped by Jimmy Howard with a rebound.
5:32 of 2nd period - Wrist shot by Eric Nystrom.
5:32 of 2nd period - Shot Misses the Net.
5:34 of 2nd period - Slapshot by Eric Nystrom.
5:34 of 2nd period - Stopped by Jimmy Howard with a rebound.
5:36 of 2nd period - Slapshot by Taylor Chorney.
5:36 of 2nd period - Stopped by Jimmy Howard with a rebound.
6:18 of 2nd period - Slapshot by Taylor Hall.
6:18 of 2nd period - Stopped by Jimmy Howard without a rebound.
6:19 of 2nd period - Scott Gomez wins face-off versus Brayden Schenn in Blackhawks zone.
6:36 of 2nd period - Braydon Coburn is hit by Mike Green and loses puck.
6:51 of 2nd period - Wrist shot by Patrick Kane.
6:51 of 2nd period - Stopped by Jimmy Howard with a rebound.
7:39 of 2nd period - Wrist shot by Michael Latta.
7:39 of 2nd period - Stopped by Marc-André Fleury with a rebound.
7:41 of 2nd period - Slapshot by Matthew Spiller.
7:41 of 2nd period - Shot Misses the Net.
7:43 of 2nd period - Slapshot by Gabriel Bourque.
7:43 of 2nd period - Shot Blocked by Alex Killorn.
7:55 of 2nd period - Taylor Chorney is hit by Rick Nash and loses puck.
8:44 of 2nd period - Snap shot by Erik Christensen.
8:44 of 2nd period - Shot Misses the Net.
9:26 of 2nd period - Slapshot by Ben Smith.
9:26 of 2nd period - Shot Blocked by Antoine Roussel.
9:38 of 2nd period - Snap shot by Antoine Roussel.
9:38 of 2nd period - Stopped by Marc-André Fleury with a rebound.
9:40 of 2nd period - Backhand shot by John Carlson.
9:40 of 2nd period - Stopped by Marc-André Fleury with a rebound.
9:42 of 2nd period - Snap shot by Bobby Ryan.
9:42 of 2nd period - Shot Blocked by Jordan Staal.
9:44 of 2nd period - Wrist shot by John Carlson.
9:44 of 2nd period - Shot Blocked by Braydon Coburn.
9:46 of 2nd period - Snap shot by Mike Green.
9:46 of 2nd period - Shot Blocked by Kevin Shattenkirk.
10:00 of 2nd period - Slapshot by Tomas Fleischmann.
10:00 of 2nd period - Stopped by Marc-André Fleury without a rebound.
10:01 of 2nd period - Erik Christensen wins face-off versus Mark Scheifele in Maple Leafs zone.
10:02 of 2nd period - Snap shot by Tomas Fleischmann.
10:02 of 2nd period - Stopped by Marc-André Fleury without a rebound.
10:03 of 2nd period - Tomas Fleischmann wins face-off versus Mark Scheifele in Maple Leafs zone.
10:16 of 2nd period - Jake McCabe is hit by Fabian Brunnstrom and loses puck.
10:25 of 2nd period - Slapshot by Seth Jones.
10:25 of 2nd period - Shot Misses the Net.
10:33 of 2nd period - Snap shot by Beau Bennett.
10:33 of 2nd period - Shot Blocked by Jake McCabe.
10:35 of 2nd period - Wrist shot by Fabian Brunnstrom.
10:35 of 2nd period - Stopped by Jimmy Howard without a rebound.
10:36 of 2nd period - Derick Brassard wins face-off versus Jordan Staal in Blackhawks zone.
10:41 of 2nd period - Snap shot by Chris Kreider.
10:41 of 2nd period - Shot Blocked by Kevin Shattenkirk.
11:26 of 2nd period - Off-side.
11:27 of 2nd period - Mark Scheifele wins face-off versus Michael Latta in neutral zone.
11:54 of 2nd period - Derick Brassard is hit by Ryan Parent and loses puck.
12:03 of 2nd period - Slapshot by Matthew Spiller.
12:03 of 2nd period - Shot Misses the Net.
12:19 of 2nd period - Taylor Chorney is hit by Rick Nash and loses puck.
12:24 of 2nd period - Slapshot by Antoine Roussel.
12:24 of 2nd period - Shot Misses the Net.
12:26 of 2nd period - Wrist shot by John Carlson.
12:26 of 2nd period - Stopped by Marc-André Fleury without a rebound.
12:27 of 2nd period - Derick Brassard wins face-off versus Mark Scheifele in Maple Leafs zone.
13:22 of 2nd period - Ben Smith is hit by John Carlson and loses puck.
14:06 of 2nd period - Fabian Brunnstrom is hit by Derick Brassard and loses puck.
14:13 of 2nd period - Bobby Ryan is hit by Mark Scheifele and loses puck.
14:24 of 2nd period - Chris Kreider is hit by Ryan Parent and loses puck.
14:34 of 2nd period - Off-side.
14:35 of 2nd period - Scott Gomez wins face-off versus Brayden Schenn in neutral zone.
15:28 of 2nd period - Snap shot by Michael Latta.
15:28 of 2nd period - Stopped by Marc-André Fleury with a rebound.
15:30 of 2nd period - Snap shot by Tyler Cuma.
15:30 of 2nd period - Deflect By Fabian Brunnstrom.
15:30 of 2nd period - Stopped by Marc-André Fleury with a rebound.
15:32 of 2nd period - Wrist shot by Michael Latta.
15:32 of 2nd period - Stopped by Marc-André Fleury with a rebound.
15:34 of 2nd period - Slapshot by Tyler Cuma.
15:34 of 2nd period - Shot Blocked by Beau Bennett.
15:36 of 2nd period - Snap shot by David Jones.
15:36 of 2nd period - Stopped by Marc-André Fleury with a rebound.
15:46 of 2nd period - Slapshot by Taylor Chorney.
15:46 of 2nd period - Shot Blocked by Mike Green.
16:08 of 2nd period - Slapshot by Mike Green.
16:08 of 2nd period - Shot Hit the Post.
16:16 of 2nd period - Slapshot by Kevin Shattenkirk.
16:16 of 2nd period - Stopped by Jimmy Howard with a rebound.
16:18 of 2nd period - Slapshot by Kevin Shattenkirk.
16:18 of 2nd period - Shot Misses the Net.
16:28 of 2nd period - Kevin Shattenkirk is hit by Erik Christensen and loses puck.
16:39 of 2nd period - Snap shot by Brandon Yip.
16:39 of 2nd period - Shot Blocked by Taylor Hall.
16:57 of 2nd period - Wrist shot by Michael Latta.
16:57 of 2nd period - Shot Blocked by Calvin de Haan.
17:39 of 2nd period - Beau Bennett is hit by Chris Kreider and loses puck.
17:56 of 2nd period - Slapshot by Chris Kreider.
17:56 of 2nd period - Shot Blocked by Mark Scheifele.
17:58 of 2nd period - Slapshot by Seth Jones.
17:58 of 2nd period - Stopped by Marc-André Fleury with a rebound.
18:00 of 2nd period - Slapshot by Bobby Ryan.
18:00 of 2nd period - Deflect By Derick Brassard.
18:00 of 2nd period - Shot Misses the Net.
18:00 of 2nd period - Puck is out of play.
18:01 of 2nd period - Scott Gomez wins face-off versus Taylor Hall in Maple Leafs zone.
18:04 of 2nd period - Wrist shot by Rick Nash.
18:04 of 2nd period - Shot Misses the Net.
18:32 of 2nd period - Wrist shot by Erik Christensen.
18:32 of 2nd period - Stopped by Marc-André Fleury with a rebound.
18:34 of 2nd period - Slapshot by Tyler Cuma.
18:34 of 2nd period - Stopped by Marc-André Fleury without a rebound.
18:35 of 2nd period - Erik Christensen wins face-off versus Brayden Schenn in Maple Leafs zone.
18:44 of 2nd period - Wrist shot by Tomas Fleischmann.
18:44 of 2nd period - Stopped by Marc-André Fleury without a rebound.
18:45 of 2nd period - Jordan Staal wins face-off versus Erik Christensen in Maple Leafs zone.
18:59 of 2nd period - Minor Penalty to Ryan Parent for Interference.
19:00 of 2nd period - Brayden Schenn wins face-off versus Derick Brassard in Maple Leafs zone.
19:27 of 2nd period - Icing by Antoine Roussel.
19:28 of 2nd period - Brayden Schenn wins face-off versus Scott Gomez in Blackhawks zone.
19:43 of 2nd period - Braydon Coburn is hit by Derick Brassard and loses puck.
Goals for this period are 0 for Maple Leafs vs 0 for Blackhawks.
Shots for this period are 10 for Maple Leafs vs 15 for Blackhawks.
3rd period
0:01 of 3rd period - Brayden Schenn wins face-off versus Derick Brassard in neutral zone.
0:59 of 3rd period - Penalty to Ryan Parent is over, Ryan Parent is back on ice.
1:26 of 3rd period - Slapshot by Tyler Cuma.
1:26 of 3rd period - Stopped by Marc-André Fleury without a rebound.
1:27 of 3rd period - Jordan Staal wins face-off versus Michael Latta in Maple Leafs zone.
1:50 of 3rd period - Jordan Staal is hit by Gabriel Bourque and loses puck.
2:03 of 3rd period - Snap shot by Michael Latta.
2:03 of 3rd period - Shot Misses the Net.
2:23 of 3rd period - Wrist shot by Michael Latta.
2:23 of 3rd period - Shot Misses the Net.
2:25 of 3rd period - Slapshot by Seth Jones.
2:25 of 3rd period - Shot Blocked by Calvin de Haan.
2:27 of 3rd period - Snap shot by Jake McCabe.
2:27 of 3rd period - Shot Misses the Net.
2:29 of 3rd period - Slapshot by Seth Jones.
2:29 of 3rd period - Deflect By Gabriel Bourque.
2:29 of 3rd period - Deflect By Jordan Staal.
2:29 of 3rd period - Shot Misses the Net.
2:29 of 3rd period - Puck is out of play.
2:30 of 3rd period - Derick Brassard wins face-off versus Brayden Schenn in Maple Leafs zone.
2:37 of 3rd period - Wrist shot by Derick Brassard.
2:37 of 3rd period - Shot Blocked by Kevin Shattenkirk.
2:45 of 3rd period - Wrist shot by Derick Brassard.
2:45 of 3rd period - Goal by Derick Brassard - Maple Leafs : 2 - Blackhawks : 2.
2:46 of 3rd period - Derick Brassard wins face-off versus Brayden Schenn in neutral zone.
2:52 of 3rd period - Off-side.
2:53 of 3rd period - Derick Brassard wins face-off versus Brayden Schenn in neutral zone.
2:58 of 3rd period - Backhand shot by Derick Brassard.
2:58 of 3rd period - Stopped by Marc-André Fleury with a rebound.
3:12 of 3rd period - John Carlson is hit by Ben Smith and loses puck.
3:19 of 3rd period - Bobby Ryan is hit by Ben Smith and loses puck.
3:45 of 3rd period - Snap shot by Derick Brassard.
3:45 of 3rd period - Stopped by Marc-André Fleury without a rebound.
3:46 of 3rd period - Scott Gomez wins face-off versus Jordan Staal in Maple Leafs zone.
3:54 of 3rd period - Off-side.
3:55 of 3rd period - Jordan Staal wins face-off versus Scott Gomez in neutral zone.
4:00 of 3rd period - Wrist shot by Patrick Kane.
4:00 of 3rd period - Stopped by Jimmy Howard with a rebound.
4:02 of 3rd period - Snap shot by Taylor Hall.
4:02 of 3rd period - Shot Misses the Net.
4:10 of 3rd period - Slapshot by Jordan Staal.
4:10 of 3rd period - Stopped by Jimmy Howard without a rebound.
4:11 of 3rd period - Derick Brassard wins face-off versus Brayden Schenn in Blackhawks zone.
4:13 of 3rd period - Minor Penalty to Mike Green for Hooking.
4:14 of 3rd period - Scott Gomez wins face-off versus Jordan Staal in Blackhawks zone.
6:13 of 3rd period - Penalty to Mike Green is over, Mike Green is back on ice.
6:20 of 3rd period - Icing by Matthew Spiller.
6:21 of 3rd period - Michael Latta wins face-off versus Nate Thompson in Blackhawks zone.
6:21 of 3rd period - Michael Latta is hit by Nate Thompson.
6:53 of 3rd period - Slapshot by Ryan Parent.
6:53 of 3rd period - Stopped by Jimmy Howard with a rebound.
7:06 of 3rd period - Minor Penalty to Beau Bennett for Cross-checking.
7:07 of 3rd period - Brayden Schenn wins face-off versus Derick Brassard in Maple Leafs zone.
7:07 of 3rd period - Brayden Schenn is hit by Chris Kreider.
7:55 of 3rd period - Icing by Seth Jones.
7:56 of 3rd period - Brayden Schenn wins face-off versus Derick Brassard in Blackhawks zone.
8:12 of 3rd period - Icing by Derick Brassard.
8:13 of 3rd period - Derick Brassard wins face-off versus Jordan Staal in Blackhawks zone.
8:18 of 3rd period - Wrist shot by Patrick Kane.
8:18 of 3rd period - Shot Misses the Net.
8:40 of 3rd period - Wrist shot by Chris Kreider.
8:40 of 3rd period - Deflect By Derick Brassard.
8:40 of 3rd period - Shot Misses the Net.
8:40 of 3rd period - Puck is out of play.
8:41 of 3rd period - Brayden Schenn wins face-off versus Scott Gomez in Maple Leafs zone.
9:06 of 3rd period - Penalty to Beau Bennett is over, Beau Bennett is back on ice.
9:20 of 3rd period - Snap shot by Brayden Schenn.
9:20 of 3rd period - Shot Misses the Net.
9:22 of 3rd period - Slapshot by Brayden Schenn.
9:22 of 3rd period - Shot Misses the Net.
9:24 of 3rd period - Wrist shot by Beau Bennett.
9:24 of 3rd period - Shot Blocked by Mike Green.
9:34 of 3rd period - Wrist shot by Ben Smith.
9:34 of 3rd period - Shot Misses the Net.
9:36 of 3rd period - Slapshot by Kevin Shattenkirk.
9:36 of 3rd period - Shot Misses the Net.
9:38 of 3rd period - Slapshot by Kevin Shattenkirk.
9:38 of 3rd period - Stopped by Jimmy Howard without a rebound.
9:39 of 3rd period - Jordan Staal wins face-off versus Derick Brassard in Blackhawks zone.
9:42 of 3rd period - Wrist shot by Taylor Hall.
9:42 of 3rd period - Stopped by Jimmy Howard with a rebound.
10:16 of 3rd period - Slapshot by Scott Gomez.
10:16 of 3rd period - Shot Blocked by Nate Thompson.
10:53 of 3rd period - Snap shot by Patrick Kane.
10:53 of 3rd period - Stopped by Jimmy Howard without a rebound.
10:54 of 3rd period - Brayden Schenn wins face-off versus Erik Christensen in Blackhawks zone.
10:57 of 3rd period - Wrist shot by Brayden Schenn.
10:57 of 3rd period - Stopped by Jimmy Howard without a rebound.
10:58 of 3rd period - Derick Brassard wins face-off versus Ben Smith in Blackhawks zone.
10:58 of 3rd period - Derick Brassard is hit by Ben Smith.
11:13 of 3rd period - Snap shot by Brayden Schenn.
11:13 of 3rd period - Stopped by Jimmy Howard without a rebound.
11:14 of 3rd period - Jordan Staal wins face-off versus Scott Gomez in Blackhawks zone.
11:24 of 3rd period - Off-side.
11:25 of 3rd period - Derick Brassard wins face-off versus Taylor Hall in neutral zone.
11:28 of 3rd period - Slapshot by John Carlson.
11:28 of 3rd period - Shot Misses the Net.
11:30 of 3rd period - Snap shot by Bobby Ryan.
11:30 of 3rd period - Stopped by Marc-André Fleury with a rebound.
11:37 of 3rd period - Minor Penalty to Chris Kreider for Hooking.
11:38 of 3rd period - Jordan Staal wins face-off versus Scott Gomez in Blackhawks zone.
11:45 of 3rd period - Snap shot by Patrick Kane.
11:45 of 3rd period - Shot Blocked by Tyler Cuma.
11:47 of 3rd period - Slapshot by Kevin Shattenkirk.
11:47 of 3rd period - Stopped by Jimmy Howard without a rebound.
11:48 of 3rd period - Scott Gomez wins face-off versus Jordan Staal in Blackhawks zone.
12:14 of 3rd period - Matthew Spiller is hit by Kevin Shattenkirk.
12:30 of 3rd period - Gabriel Bourque is hit by Calvin de Haan and loses puck.
13:37 of 3rd period - Penalty to Chris Kreider is over, Chris Kreider is back on ice.
13:53 of 3rd period - Snap shot by Nate Thompson.
13:53 of 3rd period - Deflect By Blake Comeau.
13:53 of 3rd period - Stopped by Jimmy Howard without a rebound.
13:54 of 3rd period - Nate Thompson wins face-off versus Chris Kreider in Blackhawks zone.
13:58 of 3rd period - Icing by John Carlson.
13:59 of 3rd period - Nate Thompson wins face-off versus Chris Kreider in Blackhawks zone.
14:10 of 3rd period - Chris Kreider is hit by Blake Comeau and loses puck.
14:17 of 3rd period - Nate Thompson is hit by Bobby Ryan and loses puck.
14:38 of 3rd period - Snap shot by Alex Killorn.
14:38 of 3rd period - Stopped by Jimmy Howard without a rebound.
14:39 of 3rd period - Scott Gomez wins face-off versus Jordan Staal in Blackhawks zone.
14:44 of 3rd period - Taylor Chorney is hit by John Carlson and loses puck.
14:51 of 3rd period - Snap shot by Jordan Staal.
14:51 of 3rd period - Shot Misses the Net.
15:05 of 3rd period - Ryan Parent is hit by Tomas Fleischmann.
15:13 of 3rd period - Snap shot by Brayden Schenn.
15:13 of 3rd period - Stopped by Jimmy Howard without a rebound.
15:14 of 3rd period - Mark Scheifele wins face-off versus Derick Brassard in Blackhawks zone.
15:19 of 3rd period - Slapshot by Beau Bennett.
15:19 of 3rd period - Shot Blocked by Matthew Spiller.
15:46 of 3rd period - Slapshot by Rick Nash.
15:46 of 3rd period - Deflect By Antoine Roussel.
15:46 of 3rd period - Stopped by Marc-André Fleury without a rebound.
15:47 of 3rd period - Scott Gomez wins face-off versus Jordan Staal in Maple Leafs zone.
16:02 of 3rd period - Wrist shot by Antoine Roussel.
16:02 of 3rd period - Shot Misses the Net.
16:04 of 3rd period - Slapshot by John Carlson.
16:04 of 3rd period - Shot Misses the Net.
16:06 of 3rd period - Slapshot by Antoine Roussel.
16:06 of 3rd period - Stopped by Marc-André Fleury without a rebound.
16:07 of 3rd period - Erik Christensen wins face-off versus Mark Scheifele in Maple Leafs zone.
16:08 of 3rd period - Slapshot by Tomas Fleischmann.
16:08 of 3rd period - Stopped by Marc-André Fleury without a rebound.
16:09 of 3rd period - Mark Scheifele wins face-off versus Erik Christensen in Maple Leafs zone.
16:42 of 3rd period - Wrist shot by Ben Smith.
16:42 of 3rd period - Stopped by Jimmy Howard with a rebound.
16:44 of 3rd period - Slapshot by Ryan Parent.
16:44 of 3rd period - Shot Misses the Net.
16:46 of 3rd period - Slapshot by Ryan Parent.
16:46 of 3rd period - Stopped by Jimmy Howard without a rebound.
16:47 of 3rd period - Jordan Staal wins face-off versus Derick Brassard in Blackhawks zone.
17:14 of 3rd period - Beau Bennett is hit by Mike Green and loses puck.
17:37 of 3rd period - Seth Jones is hit by Brayden Schenn and loses puck.
17:58 of 3rd period - Snap shot by Erik Christensen.
17:58 of 3rd period - Shot Blocked by Patrick Kane.
18:00 of 3rd period - Wrist shot by Jake McCabe.
18:00 of 3rd period - Stopped by Marc-André Fleury with a rebound.
18:02 of 3rd period - Slapshot by Jake McCabe.
18:02 of 3rd period - Stopped by Marc-André Fleury with a rebound.
18:22 of 3rd period - Wrist shot by Blake Comeau.
18:22 of 3rd period - Stopped by Jimmy Howard with a rebound.
18:24 of 3rd period - Slapshot by Alex Killorn.
18:24 of 3rd period - Stopped by Jimmy Howard with a rebound.
Goals for this period are 0 for Maple Leafs vs 1 for Blackhawks.
Shots for this period are 16 for Maple Leafs vs 10 for Blackhawks.
Overtime #1
0:01 of 1st overtime period - Jordan Staal wins face-off versus Derick Brassard in neutral zone.
0:06 of 1st overtime period - Chris Kreider is hit by Kevin Shattenkirk and loses puck.
1:16 of 1st overtime period - Snap shot by Rick Nash.
1:16 of 1st overtime period - Goal by Rick Nash - Maple Leafs : 2 - Blackhawks : 3.
Goals for this period are 0 for Maple Leafs vs 1 for Blackhawks.
Shots for this period are 0 for Maple Leafs vs 1 for Blackhawks.
Back to the Top